 Dungeon Crawl Stone Soup version 0.32-a0-643-ga006e7742e (webtiles) character file.

Game seed: 8301959694574196940

50367 cforsyth the Severer (level 14, 0/122 HPs)
             Began as a Mountain Dwarf Necromancer on Mar 7, 2024.
             Was the Champion of Kikubaaqudgha.
             Killed from afar by a rime drake (28 damage)
             ... with an icy flash freeze
             ... on level 5 of the Lair of Beasts on Mar 8, 2024.
             The game lasted 01:04:58 (23624 turns).

cforsyth the Severer (Mountain Dwarf Necromancer)  Turns: 23624, Time: 01:04:59

Health: 0/122      AC: 21    Str: 14    XL:     14   Next: 19%
Magic:  24/27      EV:  5    Int: 24    God:    Kikubaaqudgha [******]
Gold:   1362       SH:  0    Dex: 10    Spells: 22/32 levels left

rFire   + . .        a - +2 broad axe (flame)
rCold   x . .        (no shield)
rNeg    . . .        q - +0 plate armour
rPois   .            i - +0 helmet
rElec   .            d - +2 cloak {Will+}
rCorr   .            (no gloves)
SInv    .            D - +0 pair of boots
Will    ++...        B - amulet of regeneration Stlth
                     F - ring of fire
HPRegen 1.20/turn    I - +6 ring of intelligence
MPRegen 0.20/turn

%: no passive effects
@: animating dead (expiring)
A: runic magic, artefact enchanting
a: Renounce Religion, Unearth Wretches, Torment, Brand Weapon With Pain, Receive
Forbidden Knowledge


You were on level 5 of the Lair of Beasts.
You worshipped Kikubaaqudgha.
Kikubaaqudgha was exalted by your worship.
You visited 3 branches of the dungeon, and saw 19 of its levels.
You also visited: Sewer, Ice Cave and Volcano.

You collected 1362 gold pieces.


Innate Abilities, Weirdness & Mutations

Your spellcasting is much less encumbered by armour.
You can use scrolls of enchantment on lesser artefacts.


   Skills:
 - Level 10.7 Fighting
 - Level 15.3 Axes
 - Level 10.5 Armour
 - Level 1.3 Dodging
 - Level 1.4 Stealth
 + Level 9.6 Spellcasting
 - Level 11.6 Necromancy
 - Level 10.0 Earth Magic


You had 22 spell levels left.
You knew the following spells:

 Your Spells              Type           Power      Damage    Failure   Level
a - Animate Dead          Necr           61%        N/A       1%          4
b - Borgnjor's Vile Clut  Necr/Erth      29%        N/A       4%          5
X - Necrotise             Necr           100%       1d9       1%          1

Your spell library contained the following spells:

 Spells                   Type           Power      Damage    Failure   Level
 Sublimation of Blood     Necr           61%        N/A       1%          2
 Vampiric Draining        Necr           61%        2d10      1%          3
 Curse of Agony           Necr           61%        N/A       3%          5
 Cigotuvi's Dreadful Rot  Necr/Alch/Air  60%        N/A       4%          2
 Lee's Rapid Deconstruct  Erth           28%        3d15*     6%          5
 Anguish                  Hex/Necr       19%        N/A       12%         4
 Freeze                   Ice            44%        1d6       14%         1
 Shock                    Conj/Air       44%        1d5       14%         1
 Sting                    Conj/Alch      44%        1d5       14%         1
 Death Channel            Necr           30%        N/A       17%         6
 Animate Armour           Summ/Erth      70%        N/A       19%         4
 Leda's Liquefaction      Alch/Erth      17%        N/A       19%         4
 Petrify                  Alch/Erth      35%        N/A       19%         4
 Mercury Vapours          Alch/Air       22%        N/A       22%         2
 Dazzling Flash           Conj/Hex       22%        N/A       38%         3
 Frozen Ramparts          Ice            22%        1d4       38%         3
 Gell's Gravitas          Tloc           11%        N/A       38%         3
 Hailstorm                Conj/Ice       11%        3d6       38%         3
 Inner Flame              Hex/Fire       17%        N/A       38%         3
 Swiftness                Air            11%        N/A       38%         3
 Teleport Other           Tloc           11%        N/A       38%         3
 Volatile Blastmotes      Fire/Tloc      34%        2d12      38%         3
 Airstrike                Air            5%         2d(1-17)  80%         4
 Olgreb's Toxic Radiance  Alch           11%        N/A       80%         4
 Summon Blazeheart Golem  Fire/Summ      17%        N/A       80%         4
 Summon Lightning Spire   Summ/Air       11%        N/A       80%         4
 Irradiate                Conj/Alch      5%         3d13      98%         5
 Metabolic Englaciation   Hex/Ice        5%         N/A       98%         5
 Dispersal                Tloc           5%         N/A       100%        6
 Starburst                Conj/Fire      8%         6d4       100%        6
 Orb of Destruction       Conj           5%         9d5       100%        7
 Spellforged Servitor     Conj/Summ      5%         N/A       100%        7
 Ignition                 Fire           8%         3d5       100%        8
 Maxwell's Capacitive Co  Air            5%         ∞         100%        8

Inventory:

Hand Weapons
 a - a +2 broad axe of flaming (weapon)
 v - a +0 war axe of venom
Armour
 d - a +2 cloak of willpower (worn)
 i - a +0 helmet (worn)
 q - a +0 plate armour (worn)
 D - a +0 pair of boots (worn)
 Q - a +2 crystal plate armour of cold resistance
 S - a +2 kite shield of cold resistance
Jewellery
 f - an amulet of reflection
 B - an amulet of regeneration (around neck)
 C - a ring of protection from cold
 E - a +5 ring of evasion
 F - a ring of fire (left hand)
 I - a +6 ring of intelligence (right hand)
 M - a ring of protection from cold
 N - a ring of positive energy
 O - a ring of ice
Wands
 j - a wand of flame (17)
 u - a wand of acid (6)
 y - a wand of paralysis (15)
 L - a wand of polymorph (14)
Scrolls
 l - a scroll of amnesia
 n - a scroll of teleportation {@r2}
 x - 4 scrolls of immolation
 G - 3 scrolls of fear
 R - 2 scrolls of enchant weapon
Potions
 b - 3 potions of magic
 c - a potion of attraction {unknown}
 e - 4 potions of brilliance
 k - a potion of lignification
 m - a potion of ambrosia {unknown}
 o - 2 potions of heal wounds {@q2}
 p - 2 potions of haste {unknown}
 s - 2 potions of curing {@q1}
 t - a potion of cancellation
 w - 2 potions of resistance {unknown}
 z - 2 potions of mutation {unknown}
 A - a potion of invisibility {unknown}
 J - 2 potions of enlightenment {unknown}
 P - a potion of berserk rage {!q}

Dungeon Overview and Level Annotations

Branches:
Dungeon (13/15)            Temple (1/1) D:4            Lair (5/5) D:11
  Swamp (0/4) Lair:2       Spider (0/4) Lair:2        Slime (0/5) Lair:4
    Orc (0/2) D:10          Sewer (visited)           IceCv (visited)
Volcano (visited)
 Vaults: D:13-14

Altars:
Ashenzari
Cheibriados
Dithmenos
Elyvilon
Fedhas
Gozag
Hepliaklqana
Kikubaaqudgha
Makhleb
Nemelex Xobeh
Okawaru
Qazlal
Ru
Sif Muna
Trog
Uskayaw
Vehumet
Wu Jian
Xom
Yredelemnul
Zin
The Shining One

Shops:
D:1 [   D:9 [

Portals:
Abyss: D:6

Annotations:
D:6 2 transporters, Implojin's ghost, novice CoCK
D:8 exclusion: oklob plant

# ## # ##.###
#.#.#.#
.P.P..###.....##
P...............
P.#P#.k#.......
#@###...... ###
....k. .....
..... ..#. ###


You could see a rime drake (catching breath, corroded).


Message History

A rime drake comes into view.
You feel sick.
Unknown command.
You feel sick.
You feel sick.
You start resting.
You feel sick.
Your reaping aura is weakening.
You feel sick.
Aiming: Corrosive Bolt
Press: ? - help, Shift-Dir - straight line, f - rime drake
Aim: a rime drake (64% to hit)
The bolt of acid hits the rime drake!!
The acid corrodes the rime drake!
The rime drake is heavily wounded.
You feel sick.
You are no longer poisoned.
Unknown command.
Aiming: Corrosive Bolt
Press: ? - help, Shift-Dir - straight line, f/p - rime drake
Aim: a rime drake (heavily wounded, covered in acid, 64% to hit)
The bolt of acid hits the rime drake!
The rime drake seems to be corroded for longer.
The rime drake is almost dead.
Unknown command.
Unknown command.
You closely miss the rime drake.
The rime drake is almost dead.
The rime drake breathes ice at you. The icy flash freeze hits you!!
You feel a painful chill!
You die...
Kikubaaqudgha rasps: You have failed me!
Welcome... death!

Skill      XL: |  1  2  3  4  5  6  7  8  9 10 11 12 13 14 |
---------------+-------------------------------------------+-----
Fighting       | 1 2 3 7 8 9 10 | 10.7
Necromancy     | 5 9 10 11 | 11.6
Axes           | 1 2 8 9 10 12 14 15 | 15.3
Armour         | 2 7 8 9 10 | 10.5
Earth Magic    | 4 9 10 | 10.0
Spellcasting   | 2 8 9 |  9.6
Dodging        | |  1.3
Stealth        | |  1.4

Action                     |  1- 3 |  4- 6 |  7- 9 | 10-12 | 13-15 || total
---------------------------+-------+-------+-------+-------+-------++-------
  Melee: Unarmed           |    11 |       |       |       |       ||    11
         Hand axe          |     2 |    93 |   541 |   411 |       ||  1047
         War axe           |       |       |       |   434 |   309 ||   743
         Broad axe         |       |       |       |       |   184 ||   184
   Cast: Necrotise         |    68 |    75 |   208 |    36 |       ||   387
         Animate Dead      |       |       |       |    15 |     7 ||    22
         Borgnjor's Vile C |       |       |       |    15 |    32 ||    47
  Evoke: Wand              |       |       |    11 |    29 |     2 ||    42
    Use: Scroll            |       |     9 |     6 |     7 |     6 ||    28
         Potion            |       |     1 |     5 |     5 |       ||    11
   Stab: Distracted        |       |       |     1 |     4 |     2 ||     7
         Paralysed         |       |       |       |    15 |       ||    15
 Armour: Robe              |    16 |       |       |       |       ||    16
         Scale mail        |    28 |    33 |       |       |       ||    61
         Plate armour      |       |   102 |   675 |   843 |   646 ||  2266
         Skin              |       |       |    53 |       |       ||    53
  Dodge: Dodged            |    26 |    29 |   138 |   338 |   105 ||   636

Levels and vault maps discovered:
D:1:      minmay_arrival_four_circles, layout_loops_corners, serial_shops,
          nicolae_shop_getting_attention, serial_bayou_pond_b, minmay_3d_cube
D:2:      layout_rooms, serial_corexii_hall, corexii_hall_statues_i,
          corexii_hall_statues_x, shapermc_ecumenical_altar_acropolis,
          basic_altar, minmay_close_crescents, uniq_robin,
          uniq_crazy_yiuf_cottage, uniq_sigmund, uniq_terence
D:3:      layout_loops_ring, mainiacjoe_overflow_small_starburst,
          nicolae_elyvilon_temple_path, okawaru_gym_becter,
          hangedman_decor_riveting
D:4:      layout_rooms, temple_fountains, lightli_sewer_entry_pipes,
          grunt_ministairs_11, uniq_eustachio
D:5:      corexii_shack_village, layout_loops_ring, marbit_many_paths,
          uniq_pikel
D:6:      layout_basic, grunt_qazlal_sundering, kennysheep_little_box,
          gammafunk_ghost_abyssal_escape, minmay_nine_imps
D:7:      layout_basic, mainiacjoe_overflow_surrounded_room,
          general_overflow_altar, uniq_joseph, uniq_duvessa
D:8:      lemuel_ratsnest, layout_rooms, introduction_to_nature_2
D:9:      layout_rooms, serial_shops, nicolae_shop_window_shopping
D:10:     layout_loops_ring, lemuel_crystal_altar,
          nemelex_xobeh_ov_fountains_minmay, regret_index_xom_buried_treasure,
          orc_0_dummy
D:11:     layout_irregular_city, david_lair_shrubbed, uniq_grum
D:12:     layout_cave_pools, grunt_decor_fettered, grunt_ministairs_10,
          uniq_snorg, uniq_lodul
D:13:     layout_long_grid, erik_vaults_2, serial_shops, shop, uniq_josephine
Temple:   bh_familiar_temple
Lair:1:   layout_misc_corridors, amcnicky_mini_pool_medium
Lair:2:   layout_regular_city, minmay_swamp_entry_swarm, spider_nest_entry_a,
          portal_ice_cave_entry_pillars_1, grunt_forest_stairs_clearing,
          grunt_megastairs_3, serial_bayou_shore_a
Lair:3:   layout_misc_corridors, enter_volcano_4, ldierk_geyser,
          serial_bayou_shore_b, grunt_megastairs_5
Lair:4:   minmay_guarded_unrand_snakebite, layout_long_grid, slime_entry_1
Lair:5:   minmay_lair_end_enchanted_forest, layout_cave_pods, grunt_megastairs_2

Notes
Turn   | Place    | Note
-------+----------+-------------------------------------------
     0 | D:1      | cforsyth the Mountain Dwarf Necromancer began the quest for
                  | the Orb.
     0 | D:1      | Reached XP level 1. HP: 14/14 MP: 3/3
   124 | D:1      | Reached skill level 1 in Fighting
   124 | D:1      | Reached XP level 2. HP: 15/23 MP: 1/4
   949 | D:1      | Found Cuajo's Armour Shop.
  1148 | D:2      | Reached skill level 2 in Fighting
  1296 | D:2      | Reached skill level 5 in Necromancy
  1296 | D:2      | Reached XP level 3. HP: 29/29 MP: 1/5
  1488 | D:2      | Found an iron altar of Okawaru.
  1497 | D:2      | Noticed Robin
  1670 | D:2      | Killed Robin
  1733 | D:2      | Reached skill level 1 in Axes
  1733 | D:2      | Reached XP level 4. HP: 37/37 MP: 2/6
  1734 | D:2      | Reached skill level 1 in Armour
  1878 | D:2      | Noticed Terence
  2396 | D:2      | Noticed Sigmund
  2514 | D:2      | Killed Sigmund
  2515 | D:2      | Reached skill level 3 in Fighting
  2515 | D:2      | Reached skill level 2 in Axes
  2515 | D:2      | Reached skill level 2 in Armour
  2515 | D:2      | Reached XP level 5. HP: 35/45 MP: 2/7
  2561 | D:3      | Found a snail-covered altar of Cheibriados.
  2572 | D:3      | Reached XP level 6. HP: 51/51 MP: 4/8
  2689 | D:3      | Reached skill level 3 in Axes
  2832 | D:3      | Found an iron altar of Okawaru.
  3065 | D:3      | Reached skill level 3 in Armour
  3065 | D:3      | Reached skill level 6 in Necromancy
  3289 | D:3      | Found a white marble altar of Elyvilon.
  3554 | D:4      | Identified a potion of experience
  3557 | D:4      | Identified a scroll of acquirement
  3557 | D:4      | Acquired a +1 cloak of willpower
  3563 | D:4      | Noticed Eustachio
  3566 | D:4      | Reached skill level 7 in Fighting
  3566 | D:4      | Reached skill level 8 in Axes
  3566 | D:4      | Reached skill level 7 in Armour
  3566 | D:4      | Reached skill level 9 in Necromancy
  3566 | D:4      | Reached XP level 7. HP: 67/67 MP: 2/9
  3724 | D:4      | Found a staircase to the Ecumenical Temple.
  3741 | Temple   | Entered the Ecumenical Temple
  3897 | D:4      | Found a glowing drain.
  3902 | Sewer    | Entered a sewer
  4268 | Sewer    | Reached XP level 8. HP: 71/74 MP: 6/10
  4757 | Sewer    | Reached skill level 8 in Fighting
  5298 | D:5      | Entered Level 5 of the Dungeon
  5367 | D:5      | Noticed Pikel
  6083 | D:5      | Learned a level 4 spell: Animate Dead
  6128 | D:5      | Found a glowing silver altar of Zin.
  7192 | D:4      | Killed Eustachio
  7209 | Temple   | Became a worshipper of Kikubaaqudgha
  7267 | D:4      | Killed Pikel
  7268 | D:4      | Reached skill level 8 in Armour
  7268 | D:4      | Reached XP level 9. HP: 63/82 MP: 11/11
  7416 | D:2      | Killed Terence
  7682 | D:2      | Found a faded altar of an unknown god.
  7849 | D:2      | Found a runed translucent door.
  7850 | D:2      | Noticed Crazy Yiuf
  7859 | D:2      | Killed Crazy Yiuf
  8014 | D:6      | Noticed Implojin's ghost (novice CoCK)
  8016 | D:6      | Noticed a red devil
  8091 | D:6      | Found a transporter.
  8098 | D:6      | Reached skill level 9 in Axes
  8165 | D:6      | Found a transporter.
  8165 | D:6      | Found a one-way gate to the infinite horrors of the Abyss.
  8546 | D:6      | Reached * piety under Kikubaaqudgha
  8546 | D:6      | Received a gift from Kikubaaqudgha
  8692 | D:6      | Found a stormy altar of Qazlal.
  8906 | D:6      | Found a radiant altar of Vehumet.
  9141 | D:6      | Reached skill level 10 in Necromancy
  9625 | D:7      | HP: 8/123 [killer bee (6)]
  9632 | D:7      | HP: 9/123 [killer bee (2)]
  9633 | D:7      | HP: 3/123 [killer bee (7)]
  9638 | D:7      | HP: 9/123 [shadow imp (1)]
  9650 | D:7      | Reached skill level 9 in Fighting
  9878 | D:7      | Found a sacrificial altar of Ru.
 10079 | D:7      | Found an opulent altar of Gozag.
 10270 | D:7      | Reached XP level 10. HP: 91/91 MP: 12/12
 10324 | D:7      | Noticed Duvessa
 10373 | D:7      | Noticed Dowan
 10380 | D:7      | Killed Duvessa
 10385 | D:7      | Killed Dowan
 10459 | D:7      | Noticed Joseph
 10682 | D:7      | Killed Joseph
 10683 | D:7      | Reached skill level 9 in Armour
 11170 | D:8      | Noticed a two-headed ogre
 11664 | D:8      | Reached ** piety under Kikubaaqudgha
 11680 | D:8      | Killed a two-headed ogre
 11681 | D:8      | Reached skill level 10 in Axes
 12580 | D:8      | Noticed an oklob plant
 12965 | D:9      | Noticed a two-headed ogre
 13062 | D:9      | Found Seatsa's Armour Emporium.
 13143 | D:9      | Reached *** piety under Kikubaaqudgha
 13143 | D:9      | Received a gift from Kikubaaqudgha
 13153 | D:9      | Reached skill level 11 in Necromancy
 13159 | D:9      | Reached skill level 10 in Fighting
 13159 | D:9      | Reached XP level 11. HP: 96/99 MP: 13/13
 13347 | D:9      | Killed a two-headed ogre
 13348 | D:9      | Reached skill level 10 in Armour
 13384 | D:9      | Noticed a two-headed ogre
 13402 | D:9      | Killed a two-headed ogre
 13403 | D:9      | Reached skill level 11 in Axes
 13780 | D:10     | Entered Level 10 of the Dungeon
 13803 | D:10     | Found a staircase to the Orcish Mines.
 13851 | D:10     | Found an ornate altar of the Wu Jian Council.
 13967 | D:10     | HP: 13/151 [something (8)]
 14190 | D:10     | Reached skill level 1 in Earth Magic
 14248 | D:10     | Found a shimmering altar of Xom.
 14356 | D:10     | Found a sparkling altar of Nemelex Xobeh.
 14824 | D:11     | Noticed Grum
 14849 | D:11     | Killed Grum
 14951 | D:11     | Found a staircase to the Lair.
 14966 | D:11     | Reached skill level 2 in Earth Magic
 15351 | D:11     | Reached skill level 3 in Earth Magic
 15354 | D:11     | Reached skill level 12 in Axes
 15358 | D:11     | Reached **** piety under Kikubaaqudgha
 15361 | D:11     | Identified the +0 robe of Opluosm {rPois rF- Dex+8 Slay-4}
 15538 | D:11     | Noticed a cyan ugly thing
 15557 | D:11     | Killed a cyan ugly thing
 15702 | D:12     | Reached skill level 4 in Earth Magic
 15760 | D:12     | Learned a level 5 spell: Borgnjor's Vile Clutch
 15781 | D:12     | Noticed a green ugly thing
 15798 | D:12     | Killed a green ugly thing
 15925 | D:12     | Reached XP level 12. HP: 98/108 MP: 14/14
 15936 | D:12     | Reached skill level 5 in Earth Magic
 16253 | D:12     | Noticed Snorg
 16267 | D:12     | Killed Snorg
 16268 | D:12     | Reached skill level 13 in Axes
 16268 | D:12     | Reached skill level 6 in Earth Magic
 16316 | D:12     | Noticed Lodul
 16338 | D:12     | Killed Lodul
 16436 | D:12     | Noticed a boulder beetle
 16489 | D:12     | Killed a boulder beetle
 16490 | D:12     | Reached skill level 7 in Earth Magic
 16860 | Lair:1   | Entered Level 1 of the Lair of Beasts
 17053 | Lair:1   | Reached skill level 14 in Axes
 17157 | Lair:1   | Reached skill level 8 in Earth Magic
 17726 | Lair:1   | Reached ***** piety under Kikubaaqudgha
 17980 | Lair:2   | Reached skill level 9 in Earth Magic
 17992 | Lair:2   | Found a frozen archway.
 18008 | IceCv    | Entered an ice cave
 18267 | IceCv    | Reached skill level 2 in Spellcasting
 18684 | IceCv    | Reached XP level 13. HP: 84/114 MP: 16/16
 19072 | IceCv    | Reached skill level 15 in Axes
 19756 | IceCv    | Identified a +2 crystal plate armour of cold resistance
 19831 | IceCv    | Noticed a reaper
 19842 | IceCv    | Killed a reaper
 19843 | IceCv    | Reached skill level 3 in Spellcasting
 20246 | Lair:2   | Reached skill level 10 in Earth Magic
 20291 | Lair:2   | Found a hole to the Spider Nest.
 20402 | Lair:2   | Reached skill level 4 in Spellcasting
 20682 | Lair:2   | Found a staircase to the Swamp.
 20941 | Lair:2   | Reached skill level 5 in Spellcasting
 21258 | Lair:3   | Found a dark tunnel.
 21265 | Volcano  | Entered a volcano
 21320 | Volcano  | Reached skill level 6 in Spellcasting
 21688 | Lair:3   | Reached skill level 7 in Spellcasting
 22339 | Lair:4   | Reached skill level 8 in Spellcasting
 22690 | Lair:4   | Reached XP level 14. HP: 117/122 MP: 26/26
 22844 | Lair:4   | Found a staircase to the Slime Pits.
 23217 | Lair:4   | Found the +8 whip "Snakebite" {venom, curare, rPois}
 23427 | Lair:5   | Entered Level 5 of the Lair of Beasts
 23458 | Lair:4   | Reached skill level 9 in Spellcasting
 23578 | Lair:5   | Reached ****** piety under Kikubaaqudgha
 23624 | Lair:5   | Killed from afar by a rime drake

Vanquished Creatures
  A reaper (IceCv)
  Snorg (D:12)
  A hydra (Lair:4)
  3 two-headed ogres
  A boulder beetle (D:12)
  A hell knight (Volcano)
  Lodul (D:12)
  Pikel (D:4)
  A cyclops (D:12)
  5 ugly things
  A manticore (D:12)
  2 ice statues (IceCv)
  6 elephants
  2 black mambas
  Joseph (D:7)
  A gargoyle (D:12)
  3 rime drakes (Lair:3)
  A smoke demon (Volcano)
  A torpor snail (Lair:5)
  7 komodo dragons
  12 cane toads
  4 ice devils (IceCv)
  A red devil (Volcano)
  An anaconda simulacrum (IceCv)
  2 trolls (D:11)
  4 polar bears
  2 hornets
  9 blink frogs
  A jumping spider (Lair:2)
  Sigmund (D:2)
  A spriggan (Lair:2)
  41 yaks
  2 shadows (D:12)
  Eustachio (D:4)
  2 dire elephant simulacra (IceCv)
  5 vampires
  2 wyverns
  A wraith (D:9)
  Grum (D:11)
  4 basilisks
  2 redbacks (Lair:2)
  4 vampire mosquitoes
  2 steam dragons
  2 death yak simulacra (IceCv)
  3 harpy simulacra (IceCv)
  4 hydra simulacra (IceCv)
  16 water moccasins
  Duvessa (D:7)
  A sky beast (D:7)
  2 hell hounds (Volcano)
  2 orc warriors
  2 black bears
  8 wolves
  5 ogres
  4 centaurs
  4 lemures
  5 phantoms
  A kobold brigand (D:8)
  A gnoll sergeant (D:12)
  6 bullfrogs
  2 scorpions (D:5)
  Dowan (D:7)
  3 killer bees (D:7)
  5 jellies
  8 howler monkeys
  An electric eel (Lair:1)
  A bombardier beetle (D:7)
  9 crimson imps (D:6)
  2 hounds (D:5)
  8 orc priests
  Crazy Yiuf (D:2)
  A gnoll bouda (D:6)
  2 iguanas (D:6)
  7 orc wizards
  Terence (D:2)
  5 hell rats
  A spriggan simulacrum (IceCv)
  A polar bear simulacrum (IceCv)
  Robin (D:2)
  9 gnolls
  22 adders
  12 river rats
  A shadow imp (D:7)
  2 white imps
  5 ufetubi
  An orc zombie (D:12)
  12 dart slugs
  4 ribbon worms
  31 orcs
  8 endoplasms
  9 giant cockroaches
  18 goblins
  22 hobgoblins
  8 jackals
  13 quokkas
  16 ball pythons
  8 bats
  7 frilled lizards
  8 kobolds
  11 rats
  2 river rat zombies (D:8)
502 creatures vanquished.

Vanquished Creatures (collateral kills)
  A hydra (Lair:5)
  A skyshark (Lair:3)
  An elephant (Lair:3)
  2 black mambas
  A rime drake (Lair:4)
  3 cane toads
  3 komodo dragons
  3 trolls
  3 blink frogs
  A wraith (D:9)
  2 wyverns
  9 yaks
  A vampire mosquito (D:11)
  A steam dragon (D:9)
  3 water moccasins
  2 ogres (D:12)
  2 wolves (Lair:2)
  A bullfrog (Lair:2)
  An oklob sapling (D:8)
  A howler monkey (D:10)
  An orc wizard (D:12)
  A hell rat (Lair:5)
  2 gnolls (D:6)
  4 dart slugs (Sewer)
  3 orcs
  2 endoplasms
  A giant cockroach (Sewer)
  A goblin (D:2)
  A jackal (D:2)
  A ball python (Sewer)
  4 frilled lizards (Sewer)
  3 rats (D:8)
66 creatures vanquished.

Vanquished Creatures (others)
  A hydra zombie (Lair:5)
  A jumping spider zombie (Lair:2)
  2 cane toad zombies
  2 elephant zombies (Lair:3)
  A torpor snail zombie (Lair:5)
  A rime drake zombie (Lair:4)
  A komodo dragon zombie (Lair:1)
  4 water moccasin zombies
  15 yak zombies
  A polar bear zombie (Lair:5)
  A wolf zombie (D:11)
  2 basilisk zombies (Lair:1)
  A bullfrog zombie (Lair:2)
  2 centaur zombies
  An orc wizard (D:12)
  4 hell rat zombies
  3 howler monkey zombies (D:10)
  An orc (D:8)
  4 gnoll zombies (D:12)
  6 orc zombies
  4 quokka zombies (D:8)
  5 rat zombies (D:8)
  5 river rat zombies (D:8)
68 creatures vanquished.

Grand Total: 636 creatures vanquished

Table legend: (Time is in decaauts)
 A = Elapsed time spent in this place.
 B = Non-inter-level travel time spent in this place.
 C = Inter-level travel time spent in this place.
 D = Time resting spent in this place.
 E = Time spent auto-exploring this place.
 F = Levels seen in this place.
 G = Mean time per level.
                   A        B        C        D        E       F      G
               +--------+--------+--------+--------+--------+-----+--------+
         Total |  23487 |  22741 |    746 |   4514 |  12032 |  22 | 1067.6 |
       Dungeon |  15868 |  15186 |    682 |   2080 |   9073 |  13 | 1220.6 |
        Temple |     40 |     26 |     14 |      0 |      0 |   1 |   40.0 |
          Lair |   4375 |   4326 |     49 |    606 |   2607 |   5 |  875.0 |
         Sewer |    939 |    939 |      0 |    500 |    168 |   1 |  939.0 |
      Ice Cave |   1914 |   1914 |      0 |   1243 |     85 |   1 | 1914.0 |
       Volcano |    348 |    348 |      0 |     85 |     99 |   1 |  348.0 |
               +--------+--------+--------+--------+--------+-----+--------+

Top non-repeatable levels by time:
   IceCv: 1914 daAuts
     D:7: 1878 daAuts
     D:1: 1578 daAuts
     D:8: 1556 daAuts
     D:5: 1485 daAuts
     D:3: 1477 daAuts
     D:6: 1475 daAuts
     D:4: 1352 daAuts
  Lair:2: 1278 daAuts
     D:2: 1271 daAuts
  Lair:4: 1204 daAuts
    D:12: 1150 daAuts
    D:11: 984 daAuts
   Sewer: 939 daAuts
  Lair:1: 938 daAuts

Table legend:
 A = Non-vault XP
 B = Vault XP
 C = Vault XP percentage of total XP
 D = Non-vault monster count
 E = Vault monster count
 F = Vault count percentage of total count
                 A         B        C        D         E       F
            +---------+---------+-------+---------+---------+-------
      Total |   48142 |   23251 |  32.6 |     332 |     229 |  40.8
            +---------+---------+-------+---------+---------+-------
        D:1 |      25 |      27 |  51.9 |      13 |      14 |  51.9
        D:2 |      53 |     331 |  86.2 |      20 |      12 |  37.5
        D:3 |     243 |       0 |   0.0 |      29 |       0 |   0.0
        D:4 |     114 |     949 |  89.3 |      15 |      13 |  46.4
        D:5 |     638 |     113 |  15.0 |      24 |      14 |  36.8
        D:6 |     745 |     428 |  36.5 |      18 |       9 |  33.3
        D:7 |    1361 |     677 |  33.2 |      22 |       3 |  12.0
        D:8 |    1701 |     779 |  31.4 |      15 |      42 |  73.7
        D:9 |    6084 |       0 |   0.0 |      27 |       0 |   0.0
       D:10 |    1966 |       0 |   0.0 |      14 |       0 |   0.0
       D:11 |    1971 |    1257 |  38.9 |       7 |       6 |  46.2
       D:12 |    5385 |    2864 |  34.7 |      26 |       9 |  25.7
     Temple |      14 |       0 |   0.0 |       1 |       0 |   0.0
     Lair:1 |    4955 |     512 |   9.4 |      20 |       2 |   9.1
     Lair:2 |    5520 |    3034 |  35.5 |      24 |      18 |  42.9
     Lair:3 |    7475 |    1099 |  12.8 |      19 |       4 |  17.4
     Lair:4 |    6476 |    1868 |  22.4 |      23 |       7 |  23.3
     Lair:5 |    3416 |     403 |  10.6 |      15 |       1 |   6.2
      Sewer |       0 |     321 | 100.0 |       0 |      45 | 100.0
      IceCv |       0 |    6198 | 100.0 |       0 |      24 | 100.0
    Volcano |       0 |    2391 | 100.0 |       0 |       6 | 100.0
            +---------+---------+-------+---------+---------+-------
